cohdb
Replays
Latest Replays
All Replays
Popular Replays
Top Player Replays
Match Explorer
How It Works
Community
CoH3 Stats
Reddit
Sign in to upload your games and track your stats! →
Sign in with Steam
Match 45380488
Unlisted
Match 45380488
Overview
Messages
Build Orders
End
Construct Infanterie Kompanie
MG 42 Machine Gun Team
Selects Mechanized Battlegroup
Grenadier Squad
Grenadier Squad
Construct Panzergrenadier Kompanie
Panzergrenadier Squad
251 Medium Carrier
Selects Mobile Repair Stations
Pioneer Squad
Pak 40 Anti-tank Gun Team
Selects Wespe Self-propelled Artillery
Wespe Self-propelled Artillery
Pak 40 Anti-tank Gun Team
Wespe Self-propelled Artillery
Arwootarch
Urge to Merge
Relic only temp bans maphackers
Cameltoe Joe
男神贾队长
Blaston
东北往事
顶尖猎杀者
0
0
Comments
sign in to comment!
No comments posted yet!